 Dungeon Crawl Stone Soup version 0.31-a0-627-gd65175cf8b (webtiles) character file.

Game seed: 3536176026548040979

572 CrazyBamboolord the Changeling (level 7, -6/52 HPs)
             Began as a Merfolk Shapeshifter on Aug 25, 2023.
             Mangled by an ogre
             ... wielding a +0 giant spiked club
              (26 damage)
             ... on level 5 of the Dungeon.
             The game lasted 00:06:39 (3991 turns).

CrazyBamboolord the Changeling (MfSh)               Turns: 3991, Time: 00:06:40

Health: -6/52      AC:  3    Str: 17    XL:     7   Next: 34%
Magic:  7/7        EV: 13    Int:  7    God:
Gold:   206        SH:  5    Dex: 15    Spells: 6/6 levels left

rFire   . .          .
                       - Unarmed
rCold   . . .        (shield currently unavailable)
rNeg    . . .        w - +0 leather armour
rPois   .            (no helmet)
rElec   .            (no cloak)
rCorr   .            (no gloves)
SInv    .            (no boots)
Will    .....        q - amulet of reflection
Stlth   +            (no ring)
HPRegen 0.28/turn    (no ring)
MPRegen 0.10/turn

%: reflection
@: flux-form, glowing
A: glow, contaminating, (nimble swimmer 2), mertail
a: Begin Untransformation


You were on level 5 of the Dungeon.
You were something dangerously unstable.
You visited 1 branch of the dungeon, and saw 5 of its levels.

You collected 206 gold pieces.

Inventory:

Armour
 w - a +0 leather armour (worn)
Jewellery
 i - an amulet of faith
 n - an amulet of guardian spirit
 q - an amulet of reflection (around neck)
 s - an amulet of regeneration
Talismans
 d - a flux talisman (active)
 r - a maw talisman
 u - a serpent talisman
Wands
 o - a wand of polymorph (11)
Scrolls
 c - a scroll of revelation {unknown}
 g - a scroll of fog
 j - a scroll of teleportation {unknown}
 t - a scroll of immolation {unknown}
 v - a scroll of summoning {unknown}
Potions
 b - 5 potions of lignification
 e - 2 potions of heal wounds
 f - a potion of attraction {unknown}
 h - a potion of magic {unknown}
 k - a potion of berserk rage {unknown}
 l - 3 potions of curing
 m - 2 potions of brilliance
 p - 2 potions of haste {unknown}


   Skills:
 + Level 3.2 Fighting
 - Level 2.0 Armour
 + Level 4.7 Dodging
 + Level 4.6 Unarmed Combat
 - Level 7.0 Shapeshifting


You had 6 spell levels left.
You didn't know any spells.
Your spell library was empty.

Dungeon Overview and Level Annotations

Branches:
Dungeon (5/15)
 Temple: D:4-7

Altars:
Wu Jian

Annotations:
D:3 1 runed translucent door, Opifex's ghost, amateur DrAE


Innate Abilities, Weirdness & Mutations

You are something dangerously unstable.
You glow with magical radiation, making you easy to see and hit.
Foes you strike become dangerously contaminated with magical radiation.
You are incapable of wielding weapons or throwing items.
((You are very nimble when in or above water. (Stealth+, EV+, Speed+++)))
Your lower body shifts to a powerful aquatic tail in water.


Message History

There is an escape hatch in the ceiling here.
There is a stone staircase leading up here.
There is an open door here.
There is an open door here.
There is a large open door here.
You see here a +0 dagger.
Things that are here:
a +0 short sword; a +0 leather armour; an orc skeleton
w - a +0 leather armour You start removing your armour.
You continue taking off your +0 animal skin. x4
You finish taking off your +0 animal skin.
You start putting on your armour.
You continue putting on your +0 leather armour. x5
You finish putting on your +0 leather armour.
You drop a +0 animal skin.
Your legs become a tail as you enter the water.
There is a large open door here.
There is an open door here.
There is a stone staircase leading down here.
You climb downwards.
The ogre shouts!
Found a scroll labelled ILORONL AGUCK and a scroll of enchant weapon.
There is a stone staircase leading up here.
Found a stone staircase leading up.
An adder comes into view.
The adder hisses angrily.
You barely miss the ogre.
The ogre hits you with a +0 giant spiked club!
You completely miss the ogre. You block the adder's attack.
The adder bites you but does no damage.
There is a stone staircase leading up here.
You hit the ogre but do no damage.
The ogre begins to glow.
You block the adder's attack.
The ogre hits you with a +0 giant spiked club!!
The adder attacks as it pursues you! You block the adder's attack. x2
The ogre attacks as it pursues you!
The ogre hits you with a +0 giant spiked club!!
Ouch! That really hurt!
You die...

.....###
......#######
##............
##.............
####............<.
##.....?...........
##.?................
#.............#
#.BS....## #..O...##
#...<.## #..#####
#..# #.# #.# #.. ..


You could see an ogre (contam) and an adder.

Vanquished Creatures
  A wyvern (D:4)
  2 orc priests
  2 hounds (D:4)
  Jessica (D:2)
  Ijyb (D:3)
  2 orc wizards (D:3)
  A gnoll (D:1)
  12 adders
  2 worms (D:3)
  3 dart slugs
  3 orcs
  6 bats
  9 endoplasms
  3 giant cockroaches (D:3)
  4 goblins
  10 hobgoblins
  3 jackals (D:1)
  4 kobolds
  A quokka (D:3)
  8 ball pythons
  2 frilled lizards (D:1)
  6 rats
86 creatures vanquished.

Vanquished Creatures (others)
  A giant cockroach (D:2)
1 creature vanquished.

Grand Total: 87 creatures vanquished

Notes
Turn   | Place    | Note
-------+----------+-------------------------------------------
     0 | D:1      | CrazyBamboolord the Merfolk Shapeshifter began the quest
                  | for the Orb.
     0 | D:1      | Reached XP level 1. HP: 15/15 MP: 1/1
   213 | D:1      | Reached XP level 2. HP: 21/21 MP: 2/2
   381 | D:1      | Reached skill level 5 in Shapeshifting
   381 | D:1      | Reached XP level 3. HP: 19/26 MP: 3/3
   853 | D:2      | Noticed Jessica
   858 | D:2      | Killed Jessica
   859 | D:2      | Reached skill level 6 in Shapeshifting
   859 | D:2      | Reached XP level 4. HP: 17/32 MP: 4/4
  1195 | D:2      | Reached XP level 5. HP: 37/37 MP: 5/5
  1202 | D:2      | Reached skill level 7 in Shapeshifting
  1622 | D:3      | Found a runed translucent door.
  1622 | D:3      | Noticed Opifex's ghost (amateur DrAE)
  1887 | D:3      | Noticed Ijyb
  1911 | D:3      | Killed Ijyb
  2147 | D:3      | Reached XP level 6. HP: 41/44 MP: 6/6
  2598 | D:4      | Reached skill level 1 in Armour
  3376 | D:4      | Noticed a wyvern
  3391 | D:4      | Killed a wyvern
  3392 | D:4      | Reached XP level 7. HP: 52/52 MP: 7/7
  3718 | D:4      | Found an ornate altar of the Wu Jian Council.
  3980 | D:5      | Entered Level 5 of the Dungeon
  3991 | D:5      | Mangled by an ogre

Illustrated notes

Levels and vault maps discovered:
D:1:      dpeg_arrival_stonehenge_8_columns, layout_loops_ring,
          serial_bayou_pond_c, hangedman_decor_riveting, st_stairs_7
D:2:      layout_rooms, minivault_11, st_stairs_7, minmay_snake_closets,
          uniq_jessica
D:3:      kb_forest_paths, layout_loops_cross, gammafunk_ghost_grave, uniq_ijyb
D:4:      layout_gridville, mainiacjoe_overflow_tiny_flanked,
          kennysheep_generic_room_12
D:5:      layout_layer_cave, mainiacjoe_overflow_surrounded_room,
          minmay_temple_entry_gardened_gates

Skill      XL: |  1  2  3  4  5  6  7 |
---------------+----------------------+-----
Shapeshifting  | 5 6 7 |  7.0
Dodging        | 3 4 |  4.7
Fighting       | 3 |  3.2
Armour         | 1 2 |  2.0
Unarmed Combat | 4 |  4.6

Action                     |  1- 3 |  4- 6 |  7- 9 || total
---------------------------+-------+-------+-------++-------
  Melee: Unarmed           |    77 |   204 |    31 ||   312
         Punch             |     1 |     4 |       ||     5
    Use: Scroll            |       |     4 |     1 ||     5
         Potion            |       |     2 |       ||     2
   Stab: Sleeping          |     4 |     5 |       ||     9
 Armour: Animal skin       |    12 |    19 |     4 ||    35
         Skin              |       |     3 |       ||     3
         Leather armour    |       |       |     1 ||     1
  Dodge: Dodged            |    37 |   108 |    16 ||   161
  Block: Other             |       |    15 |    10 ||    25
         Reflection        |       |     1 |     1 ||     2
   Form: Flux              |       |     1 |       ||     1

Table legend: (Time is in decaauts)
 A = Elapsed time spent in this place.
 B = Non-inter-level travel time spent in this place.
 C = Inter-level travel time spent in this place.
 D = Time resting spent in this place.
 E = Time spent auto-exploring this place.
 F = Levels seen in this place.
 G = Mean time per level.
                   A        B        C        D        E       F      G
               +--------+--------+--------+--------+--------+-----+--------+
         Total |   3966 |   3756 |    210 |    368 |   2706 |   5 |  793.2 |
       Dungeon |   3966 |   3756 |    210 |    368 |   2706 |   5 |  793.2 |
               +--------+--------+--------+--------+--------+-----+--------+

Top non-repeatable levels by time:
     D:3: 1460 daAuts
     D:4: 997 daAuts
     D:1: 780 daAuts
     D:2: 718 daAuts
     D:5: 10 daAuts
